 Dungeon Sprint DCSS version 0.20.1-1-g8b1a95d (webtiles) character file.

60603 Kingsmith the Warrior (level 15, -17/127 HPs)
             Began as a Gargoyle Monk on Dec 13, 2017.
             Was the Champion of Qazlal.
             Demolished by an emperor scorpion (24 damage)
             ... in the Dungeon (Sprint V: "Ziggurat Sprint") on Dec 14, 2017.
             The game lasted 00:23:44 (1630 turns).

Kingsmith the Warrior (Gargoyle Monk)               Turns: 1630, Time: 00:23:45

Health: -17/127    AC: 41    Str: 26    XL:     15   Next: 0%
Magic:  0/24       EV: 14    Int: 12    God:    Qazlal [******]
Gold:   0          SH: 33    Dex: 12    Spells: 7/14 levels left

rFire    + . .     SeeInvis .   H - +9 lance "Wyrmbane" {slay drac, rPois rF+ rC+ AC+3}
rCold    + . .     Gourm    .   J - +3 large shield
rNeg     + . .     Faith    .   W - +27 Lear's hauberk
rPois    ∞         Spirit   .   (helmet currently unavailable)
rElec    +         Reflect  .   (no cloak)
rCorr    .         Harm     .   (gloves currently unavailable)
MR       +....     NoTele   +   (boots currently unavailable)
Stlth    ..........             B - amulet of Vitality {Regen+ HP+15}
Regen    0.8/turn               D - +6 ring of strength
MPRegen  0.2/turn               z - +4 ring of slaying

@: protected from physical damage, corroded, flying, very slightly contaminated,
studying 2 skills, repel missiles
A: big wings, negative energy resistance 1, electricity resistance, unbreathing,
petrification resistance, rot immunity, AC +11
a: Stop Flying, Upheaval, Elemental Force, Disaster Area, Renounce Religion


You were in the Dungeon.
You worshipped Qazlal.
Qazlal was exalted by your worship.
You were not hungry.

You visited 1 branch

Inventory:

Hand Weapons
 H - the +9 lance "Wyrmbane" (weapon) {slay drac, rPois rF+ rC+ AC+3}
   (You found it in the Dungeon)

   It affects your AC (+3).
   It protects you from fire.
   It protects you from cold.
   It protects you from poison.
 I - the +13 scythe of Curses {drain, *Curse}
   (You found it in the Dungeon)

   A truly terrible weapon, it drains the life of those it strikes.
   It curses itself when equipped.
 U - the +6 battleaxe "Oreas" {chop, rElec}
   (You found it in the Dungeon)

   It inflicts extra damage upon your enemies.
   It insulates you from electricity.
Armour
 J - a +3 large shield (worn)
 L - a +5 crystal plate armour
 M - +5 gold dragon scales
 O - a +1 pair of gloves of strength
 W - the +27 Lear's hauberk (worn)
   (You found it in the Dungeon)
 X - a +1 helmet of intelligence
Jewellery
 z - a +4 ring of slaying (right hand)
 B - the amulet of Vitality (around neck) {Regen+ HP+15}
   (You found it in the Dungeon)

   [amulet of regeneration]

   It affects your health (+15).
   It increases your rate of regeneration.
 D - a +6 ring of strength (left hand)
 E - a +6 ring of strength
 F - an uncursed ring of flight
 K - the ring of Gukotuas {rC+ AC+3}
   (You found it in the Dungeon)

   [ring of protection]

   It affects your AC (+3).
   It protects you from cold.
Wands
 a - a wand of disintegration (6/24)
 b - a wand of iceblast (5/15)
 x - a wand of lightning (4/15)
 y - a wand of acid (5/15)
Scrolls
 i - 3 scrolls of blinking
 m - 4 scrolls of amnesia
 p - 3 scrolls of recharging
 q - 8 scrolls of fog
 r - a scroll of holy word
 s - 5 scrolls of identify
 t - 4 scrolls of remove curse
 u - 2 scrolls of fear
 Q - 2 scrolls of brand weapon
Potions
 d - 9 potions of curing
 e - 11 potions of heal wounds
 f - 6 potions of haste
 g - 4 potions of magic
 h - 3 potions of berserk rage
 j - 2 potions of brilliance
 k - 2 potions of invisibility
 l - 4 potions of resistance
 n - 9 potions of agility
 o - 7 potions of might
Books
 N - a Grand Grimoire

   Spells                             Type                      Level
   a - Monstrous Menagerie            Summoning                    7
   b - Summon Greater Demon           Summoning                    7
   c - Malign Gateway                 Summoning/Translocation      7
   d - Summon Horrible Things         Summoning                    8
 P - a manual of Maces & Flails
 S - a book of the Sky

   Spells                             Type                      Level
   a - Summon Lightning Spire         Summoning/Air                4
   b - Silence                        Hexes/Air                    5
   c - Deflect Missiles               Charms/Air                   6
   d - Conjure Ball Lightning         Conjuration/Air              6
   e - Tornado                        Air                          9
 V - a manual of Armour
Miscellaneous
 A - 5 phantom mirrors
 C - a lamp of fire
 G - a lightning rod (4/4)
 R - a phial of floods
Comestibles
 c - 5 bread rations
 v - 38 fruits
 w - 4 meat rations
 T - 3 royal jellies


   Skills:
 - Level 20.1 Fighting
 - Level 18.8 Polearms
 - Level 14.1 Armour
 - Level 14.0 Dodging
 - Level 2.1 Stealth
 + Level 17.2 Shields
 - Level 12.3 Invocations
 - Level 10.6 Evocations


You had 7 spell levels left.
You knew the following spells:

 Your Spells              Type           Power        Failure   Level  Hunger
a - Malign Gateway        Summ/Tloc      #.........   100%        7    #######


Dungeon Overview and Level Annotations

Branches:
Dungeon (1/1)

Altars:
Ashenzari
Cheibriados
Dithmenos
Elyvilon
Fedhas
Gozag
Hepliaklqana
Kikubaaqudgha
Makhleb
Nemelex Xobeh
Okawaru
Qazlal
Ru
Sif Muna
Trog
Uskayaw
Vehumet
Xom
Yredelemnul
Zin
The Shining One
Beogh
Jiyva
Lugonu

Annotations:
D 1 transporter


Innate Abilities, Weirdness & Mutations

You are resistant to torment.
Your stone body is resilient. (AC +11)
You are immune to poison.
Your large and strong wings let you fly indefinitely.
You resist negative energy. (rN+)
You are resistant to electric shocks. (rElec)
You can survive without breathing.
You are immune to petrification.
You are immune to rotting.


Message History

You block the wolf spider's attack. The wolf spider barely misses you.
The emperor scorpion is struck by lightning.
You block the emperor scorpion's attack.
The emperor scorpion claws you but does no damage. x2
The wolf spider completely misses you. The wolf spider closely misses you.
The redback is engulfed in blazing flames.
You kill the redback!
Qazlal accepts your kill.
You have reached level 15!
Your experience leads to an increase in your attributes!
Your base attributes are Str 19, Int 12, Dex 12.
Increase (S)trength, (I)ntelligence, or (D)exterity?
You feel stronger.
You feel you are being watched by something. x2
The tarantella is engulfed in freezing vapours.
The tarantella bites you but does no damage.
The wolf spider hits you!
* * * LOW HITPOINT WARNING * * *
The wolf spider closely misses you. The emperor scorpion stings you!!
You die...

.<......._▓▓.....).).......▓.▓.▓.
.........8▓▓...▓.).....▓...▓..▓..
........._▓▓..▓▓▓)....▓▓▓..▓.....
_8_8.8_8_8▓▓...▓.).....▓...▓.....
▓▓▓▓▓▓▓▓▓▓▓▓...............▓▓▓▓▓▓
▓...............▓.....
▓▓▓▓▓▓▓▓▓▓▓▓▓▓▓▓▓..:)=
▓..§.§s8s8......▓..).[
▓..}§@ss=y.||=..▓.....
▓..:ss§yas)|}?..▓.....
▓...y.ys=[......▓.....
▓....s.yss......▓...†.
▓.......s.......▓.....
▓...............▓.....
▓...............▓..▓..
▓...............▓.....
▓...............▓.....


You could see an emperor scorpion (berserk), an entropy weaver, a demonic
crawler, 2 wolf spiders, 2 moths of wrath, 3 orb spiders, 3 hornets, 2 jumping
spiders, 2 tarantellas and a redback (berserk).

Vanquished Creatures
  An Executioner (D)
  A tentacled starspawn (D)
  2 thorn hunters (D)
  An azure jelly (D)
  An orc warlord (D)
  7 very ugly things (D)
  A spriggan defender (D)
  An entropy weaver (shapeshifter) (D)
  2 reapers (D)
  6 dire elephants (D)
  3 death oozes (D)
  A fire dragon (D)
  2 naga warriors (D)
  3 great orbs of eyes (D)
  3 hydras (D)
  2 spriggan air magi (D)
  An anaconda (D)
  A satyr (D)
  A spriggan berserker (D)
  A fire crab (shapeshifter) (D)
  A skeletal warrior (D)
  A death drake (D)
  A glowing orange brain (D)
  A shambling mangrove (D)
  A swamp dragon (D)
  2 orc knights (D)
  A faun (shapeshifter) (D)
  A lindwurm (shapeshifter) (D)
  2 ugly things (D)
  A shining eye (D)
  4 draconians (D)
  A rust devil (D)
  A moth of wrath (D)
  A torpor snail (D)
  2 guardian serpents (D)
  An eye of devastation (D)
  A black mamba (D)
  2 rime drakes (D)
  A tormentor (D)
  5 dryads (D)
  2 red devils (D)
  A jumping spider (D)
  7 slime creatures (D)
  A hornet (shapeshifter) (D)
  6 hornets (D)
  A troll (D)
  A blink frog (D)
  A dream sheep (shapeshifter) (D)
  A shadow (D)
  3 hippogriffs (D)
  6 spriggans (D)
  A spriggan (shapeshifter) (D)
  2 flying skulls (D)
  A redback (D)
  A yak (D)
  A tarantella (D)
  4 golden eyes (D)
  2 neqoxecs (D)
  A steam dragon (D)
  3 wargs (D)
  An acid dragon (D)
  2 nagas (D)
  3 hell hounds (D)
  7 water moccasins (D)
  A porcupine (D)
  A floating eye (D)
  3 orc warriors (D)
  5 black bears (D)
  An eye of draining (D)
  A wolf (D)
  2 ogres (D)
  2 crocodiles (D)
  A bullfrog (D)
  2 wights (D)
  A quasit (D)
  7 jellies (D)
  2 orc priests (D)
  2 orc wizards (D)
  2 iron imps (D)
  3 mummies (D)
  5 adders (D)
  A shadow imp (D)
  2 white imps (D)
  An ufetubus (D)
  5 oozes (D)
  3 adder zombies (D)
  An adder skeleton (D)
  An orc (D)
  3 bat skeletons (D)
  A bat zombie (D)
  A ball python (D)
  A giant cockroach zombie (D)
  A leopard gecko skeleton (D)
  2 leopard gecko zombies (D)
  A quokka skeleton (D)
  8 briar patches (D)
  2 starspawn tentacles (D)
206 creatures vanquished.

Vanquished Creatures (collateral kills)
  A fire dragon (D)
  An acid dragon (D)
2 creatures vanquished.

Grand Total: 208 creatures vanquished

Notes
Turn   | Place    | Note
-------+----------+-------------------------------------------
     0 | D        | Kingsmith the Gargoyle Monk began the quest for the Orb.
     0 | D        | Reached XP level 1. HP: 14/14 MP: 1/1
     0 | D        | Found a deep blue altar of Sif Muna.
     0 | D        | Found a bloodstained altar of Trog.
     0 | D        | Found a sacrificial altar of Ru.
     0 | D        | Found a stormy altar of Qazlal.
     0 | D        | Found an iron altar of Okawaru.
     1 | D        | Found a sparkling altar of Nemelex Xobeh.
     1 | D        | Found a blossoming altar of Fedhas.
     3 | D        | Reached skill level 5 in Fighting
     3 | D        | Reached XP level 2. HP: 22/22 MP: 2/2
     5 | D        | Found an ancient bone altar of Kikubaaqudgha.
     5 | D        | Found a transporter.
     5 | D        | Found a corrupted altar of Lugonu.
     5 | D        | Found a viscous altar of Jiyva.
     5 | D        | Found a burning altar of Makhleb.
     5 | D        | Found a hazy altar of Hepliaklqana.
     5 | D        | Found an opulent altar of Gozag.
    33 | D        | Became a worshipper of Qazlal Stormbringer
    33 | D        | Reached * piety under Qazlal
    33 | D        | Reached ** piety under Qazlal
   134 | D        | Entered arena 2.
   134 | D        | Noticed a golden eye
   134 | D        | Found a transporter.
   140 | D        | Reached XP level 3. HP: 21/27 MP: 2/5
   146 | D        | Killed a golden eye
   146 | D        | Reached skill level 5 in Evocations
   146 | D        | Reached XP level 4. HP: 26/32 MP: 2/9
   146 | D        | Reached XP level 5. HP: 29/36 MP: 2/10
   209 | D        | Entered arena 3.
   209 | D        | Noticed a hell hound
   209 | D        | Found a transporter.
   212 | D        | Killed a hell hound
   212 | D        | Reached *** piety under Qazlal
   212 | D        | Reached XP level 6. HP: 36/41 MP: 10/12
   248 | D        | Entered arena 4.
   248 | D        | Found a transporter.
   261 | D        | Reached **** piety under Qazlal
   400 | D        | Entered arena 5.
   400 | D        | Noticed a draconian
   400 | D        | Noticed a draconian
   400 | D        | Noticed a draconian
   400 | D        | Noticed a draconian
   400 | D        | Found a transporter.
   406 | D        | Killed a draconian
   406 | D        | Reached XP level 7. HP: 45/45 MP: 9/15
   416 | D        | Killed a draconian
   416 | D        | Reached skill level 10 in Evocations
   416 | D        | Reached XP level 8. HP: 51/51 MP: 10/17
   420 | D        | Killed a draconian
   420 | D        | Reached skill level 9 in Fighting
   428 | D        | Killed a draconian
   428 | D        | Reached XP level 9. HP: 60/60 MP: 11/18
   468 | D        | Entered arena 6.
   468 | D        | Found a transporter.
   471 | D        | Reached ***** piety under Qazlal
   472 | D        | Reached skill level 10 in Armour
   521 | D        | Entered arena 7.
   522 | D        | Found a transporter.
   529 | D        | Reached skill level 5 in Shields
   533 | D        | Reached ****** piety under Qazlal
   540 | D        | Identified Sif Muna's Disquisition on the Voyage (You found it in the Dungeon)
   546 | D        | Entered arena 8.
   546 | D        | Noticed a spriggan rider
   546 | D        | Noticed a spriggan rider
   551 | D        | Killed a hornet
   551 | D        | Reached XP level 10. HP: 66/66 MP: 19/19
   555 | D        | Found a transporter.
   556 | D        | Reached skill level 10 in Shields
   570 | D        | Entered arena 9.
   570 | D        | Noticed a tentacled starspawn
   570 | D        | Noticed an Executioner
   571 | D        | Reached skill level 10 in Fighting
   571 | D        | Reached skill level 5 in Polearms
   575 | D        | Killed a tentacled starspawn
   575 | D        | Reached skill level 12 in Fighting
   578 | D        | Killed an Executioner
   578 | D        | Reached skill level 13 in Fighting
   578 | D        | Reached XP level 11. HP: 77/78 MP: 13/20
   579 | D        | Found a transporter.
   611 | D        | Identified the Tome of Creation and Transmutation (You found it in the Dungeon)
   622 | D        | Learned a level 7 spell: Malign Gateway
   626 | D        | Entered arena 10.
   628 | D        | Paralysed by a floating eye for 2 turns
   635 | D        | Reached skill level 10 in Polearms
   636 | D        | Found a transporter.
   704 | D        | Entered arena 11.
   705 | D        | Found a transporter.
   733 | D        | Got the ring of Gukotuas {rC+ AC+3}
   749 | D        | Got a pair of blackened gloves
   755 | D        | Identified the -3 pair of gloves "Omeemm" {rPois Str+4} (You acquired it in the Dungeon)
   760 | D        | Entered arena 12.
   761 | D        | Noticed an azure jelly
   761 | D        | Noticed a great orb of eyes
   761 | D        | Noticed a great orb of eyes
   761 | D        | Killed an azure jelly
   761 | D        | Killed a great orb of eyes
   761 | D        | Killed a great orb of eyes
   763 | D        | Found a transporter.
   795 | D        | Entered arena 13.
   796 | D        | Noticed a naga warrior
   796 | D        | Noticed an anaconda
   796 | D        | Noticed a naga warrior
   799 | D        | Reached skill level 15 in Polearms
   803 | D        | Killed a naga warrior
   803 | D        | Reached XP level 12. HP: 77/84 MP: 12/21
   810 | D        | Killed a naga warrior
   812 | D        | Killed an anaconda
   815 | D        | Found a transporter.
   843 | D        | Entered arena 14.
   844 | D        | Noticed a fire dragon
   844 | D        | Noticed an eight-headed hydra
   844 | D        | Noticed an eight-headed hydra
   844 | D        | Noticed a five-headed hydra
   844 | D        | Noticed a fire dragon
   850 | D        | Killed an eight-headed hydra
   850 | D        | Killed a five-headed hydra
   850 | D        | Killed an eight-headed hydra
   856 | D        | Killed a fire dragon
   862 | D        | Killed a fire dragon
   863 | D        | Found a transporter.
   994 | D        | Entered arena 15.
   995 | D        | Noticed an orc warlord
  1002 | D        | Killed an orc warlord
  1002 | D        | Reached XP level 13. HP: 88/88 MP: 7/22
  1003 | D        | Found a transporter.
  1055 | D        | Entered arena 16.
  1056 | D        | Noticed a great orb of eyes
  1056 | D        | Noticed a death ooze
  1056 | D        | Noticed a death ooze
  1056 | D        | Noticed a death ooze
  1062 | D        | Killed a death ooze
  1067 | D        | Paralysed by a great orb of eyes for 2 turns
  1067 | D        | Killed a death ooze
  1071 | D        | Killed a great orb of eyes
  1073 | D        | Killed a death ooze
  1091 | D        | Found a transporter.
  1183 | D        | Entered arena 17.
  1189 | D        | Reached skill level 15 in Shields
  1205 | D        | Reached skill level 14 in Fighting
  1212 | D        | Found a transporter.
  1244 | D        | Got the +6 battleaxe "Oreas" {chop, rElec}
  1247 | D        | Entered arena 18.
  1249 | D        | Noticed a white very ugly thing
  1249 | D        | Noticed a purple very ugly thing
  1250 | D        | Noticed a green very ugly thing
  1250 | D        | Noticed a green very ugly thing
  1250 | D        | Noticed a purple very ugly thing
  1250 | D        | Noticed a green very ugly thing
  1251 | D        | Noticed an ettin
  1251 | D        | a slime creature changed into an ettin
  1252 | D        | Noticed a brown very ugly thing
  1252 | D        | Noticed an entropy weaver
  1252 | D        | an ettin changed into an entropy weaver
  1254 | D        | Killed an entropy weaver
  1254 | D        | Reached skill level 15 in Fighting
  1255 | D        | Killed a red very ugly thing
  1255 | D        | Reached skill level 16 in Fighting
  1257 | D        | Killed a purple very ugly thing
  1257 | D        | Reached skill level 17 in Fighting
  1270 | D        | Killed a green very ugly thing
  1273 | D        | Reached skill level 18 in Fighting
  1280 | D        | Killed a cyan very ugly thing
  1294 | D        | Killed a cyan very ugly thing
  1294 | D        | Gained mutation: Your large and strong wings let you fly indefinitely. [Gargoyle growth]
  1294 | D        | Reached XP level 14. HP: 74/104 MP: 8/23
  1295 | D        | Reached skill level 19 in Fighting
  1296 | D        | Killed a green very ugly thing
  1303 | D        | Killed a green very ugly thing
  1303 | D        | Reached skill level 20 in Fighting
  1305 | D        | Found a transporter.
  1334 | D        | Entered arena 19.
  1336 | D        | Noticed a spriggan defender
  1338 | D        | Noticed a dire elephant
  1338 | D        | Noticed a thorn hunter
  1338 | D        | Noticed a dire elephant
  1338 | D        | Noticed a dire elephant
  1339 | D        | Noticed a dire elephant
  1340 | D        | Noticed a dire elephant
  1341 | D        | Noticed a thorn hunter
  1341 | D        | Reached skill level 5 in Dodging
  1341 | D        | Killed a dire elephant
  1341 | D        | Killed a spriggan defender
  1341 | D        | Killed a thorn hunter
  1341 | D        | Reached skill level 10 in Dodging
  1341 | D        | Noticed a dire elephant
  1347 | D        | Killed a dire elephant
  1350 | D        | Killed a dire elephant
  1356 | D        | Killed a dire elephant
  1357 | D        | Killed a thorn hunter
  1370 | D        | Found a transporter.
  1374 | D        | Killed a dire elephant
  1377 | D        | Killed a dire elephant
  1448 | D        | Entered arena 20.
  1454 | D        | Noticed a reaper
  1454 | D        | Noticed a reaper
  1478 | D        | Killed a reaper
  1485 | D        | Killed a reaper
  1495 | D        | Found a transporter.
  1514 | D        | Identified the Collected Works on Poisonous Lightness (You found it in the Dungeon)
  1604 | D        | Entered arena 21.
  1608 | D        | Noticed an emperor scorpion
  1609 | D        | Noticed an entropy weaver
  1617 | D        | Found a transporter.
  1630 | D        | Reached XP level 15. HP: 23/112 MP: 0/24
  1630 | D        | Demolished by an emperor scorpion

Skill      XL: |  1  2  3  4  5  6  7  8  9 10 11 12 13 14 |
---------------+-------------------------------------------+-----
Fighting       | 5 9 13 18 20 | 20.1
Polearms       | 4 9 15 18 | 18.8
Armour         | 4 8 11 14 | 14.1
Invocations    | 2 6 8 11 12 | 12.3
Evocations     | 2 5 7 9 10 | 10.6
Shields        | 9 10 15 17 | 17.2
Dodging        | 14 | 14.0
Stealth        | |  2.1

Action                   |  1- 3 |  4- 6 |  7- 9 | 10-12 | 13-15 || total
-------------------------+-------+-------+-------+-------+-------++-------
Melee: Lance             |     5 |     7 |    21 |    55 |   141 ||   229
       Scythe            |       |       |    12 |     9 |       ||    21
Invok: Upheaval          |       |     1 |       |     2 |     6 ||     9
       Disaster Area     |       |       |       |     7 |     9 ||    16
       Elemental Force   |       |       |       |     2 |       ||     2
Evoke: Lightning rod     |       |     8 |     8 |       |     8 ||    24
       Wand              |       |     2 |       |       |       ||     2
       Lamp of fire      |       |       |       |       |     2 ||     2
  Use: Potion            |     1 |       |       |     2 |     5 ||     8
       Scroll            |       |       |       |     2 |     1 ||     3
  Eat: Fruit             |       |       |       |       |     4 ||     4
Armor: Gold dragon scale |     1 |    10 |    43 |    62 |    89 ||   205
       Chain mail        |       |       |       |       |    51 ||    51
Dodge: Dodged            |     1 |     2 |    18 |    22 |    49 ||    92
Block: Buckler           |       |     2 |    12 |       |       ||    14
       Other             |       |       |     5 |    15 |       ||    20
       Large shield      |       |       |       |    92 |   279 ||   371
